 Dungeon Crawl Stone Soup version 0.24.0-125-gc4c63601f3 (console) character file.

Game seed: 16611538861707536330, levelgen mode: deterministic

4493 Kagalorn the Tainter (level 10, -2/63 HPs)
             Began as an Octopode Venom Mage on Mar 12, 2020.
             Slain by a yak (17 damage)
             ... on level 8 of the Dungeon.
             The game lasted 00:36:32 (12334 turns).

Kagalorn the Tainter (Octopode Venom Mage)         Turns: 12334, Time: 00:36:33

Health: -2/63      AC:  1    Str: 12      XL:     10   Next: 38%
Magic:  3/15       EV: 14    Int: 18      God:
Gold:   514        SH:  0    Dex: 10 (12) Spells: 9/16 levels left

rFire    . . .     SeeInvis +   a - +3 whip (drain)
rCold    . . .     Gourm    .   (no shield)
rNeg     . . .     Faith    .   (helmet restricted)
rPois    +         Spirit   .   (no amulet)
rElec    .         Reflect  .   l - ring of poison resistance
rCorr    .         Harm     .   y - ring of Ytunora {rPois Str+4 Int-3 SInv}
MR       .....                  (no ring)
Stlth    ++++......             (no ring)
HPRegen  0.20/turn              (no ring)
MPRegen  0.14/turn              (no ring)
                                (no ring)
                                (no ring)

@: no status effects
A: almost no armour, stealthy swim, amphibious, 8 rings, constrict 8, camouflage
1, gelatinous body 1
a: no special abilities


You were on level 8 of the Dungeon.
You were not hungry.

You visited 2 branches of the dungeon, and saw 10 of its levels.

You collected 514 gold pieces.

Inventory:

Hand Weapons
 a - a +3 whip of draining (weapon)
 v - the cursed +1 hand axe "Cieboana" {pain, +Rage}
   (You found it on level 5 of the Dungeon)

   In the hands of one skilled in necromantic magic, it inflicts extra damage on
   living creatures.
   It lets you go berserk.
   It has a curse placed upon it.
 D - a +2 hand axe of electrocution
 E - a +0 quarterstaff
 F - a +2 trident of protection
Missiles
 g - 438 stones (quivered)
 k - 16 poisoned darts
 t - 7 boomerangs
 w - 6 datura-tipped darts
Magical Staves
 b - an uncursed staff of wizardry
Jewellery
 l - a ring of poison resistance (left tentacle)
 y - the ring of Ytunora (right tentacle) {rPois Str+4 Int-3 SInv}
   (You found it on level 7 of the Dungeon)

   [ring of poison resistance]

   It affects your strength (+4).
   It affects your intelligence (-3).
   It protects you from poison.
   It lets you see invisible.
Scrolls
 e - 3 scrolls of enchant armour
 h - 4 scrolls of enchant weapon
 i - 2 scrolls of fear {unknown}
 j - 3 scrolls of magic mapping
 m - 3 scrolls of blinking
 o - a scroll of noise {unknown}
 p - 4 scrolls of teleportation
 u - 2 scrolls of remove curse
Potions
 c - a potion of mutation {unknown}
 d - 5 potions of curing
 n - 2 potions of agility
 q - 3 potions of brilliance
 r - a potion of resistance {unknown}
 s - 4 potions of heal wounds
 x - 3 potions of flight
 z - a potion of cancellation {unknown}
 A - 2 potions of invisibility
 B - 2 potions of haste
Miscellaneous
 C - a lamp of fire
Comestibles
 f - 7 rations


   Skills:
 + Level 3.3 Fighting
 + Level 4.1 Dodging
 + Level 5.7 Stealth
 + Level 3.7 Spellcasting
 - Level 1.0 Conjurations
 - Level 8.0 Summonings
 - Level 5.0 Air Magic
 - Level 11.0 Poison Magic


You had 9 spell levels left.
You knew the following spells:

 Your Spells              Type           Power        Failure   Level  Hunger
a - Sting                 Conj/Pois      ####         1%          1    None
b - Poisonous Vapours     Pois/Air       ####..       1%          2    ##.....
c - Summon Lightning Spi  Summ/Air       ####....     11%         4    ####...

Your spell library contained the following spells:

 Spells                   Type           Power        Failure   Level  Hunger
 Summon Small Mammal      Summ           ####         1%          1    None
 Call Imp                 Summ           ####....     1%          2    ##.....
 Call Canine Familiar     Summ           ####....     1%          3    ###....
 Olgreb's Toxic Radiance  Pois           #####...     1%          4    ####...
 Mephitic Cloud           Conj/Pois/Air  ###.....     4%          3    ###....
 Recall                   Summ/Tloc      N/A          9%          3    ###....
 Summon Guardian Golem    Hex/Summ       ###.....     9%          3    ###....
 Freeze                   Ice            #...         16%         1    None
 Infusion                 Chrm           #...         16%         1    None
 Summon Ice Beast         Ice/Summ       ###.....     28%         4    ####...
 Venom Bolt               Conj/Pois      ####......   34%         5    ######.
 Animate Dead             Necr           N/A          83%         4    ####...
 Borgnjor's Vile Clutch   Necr/Erth      #.........   99%         5    ######.
 Excruciating Wounds      Chrm/Necr      #.........   99%         5    ######.
 Death Channel            Necr           #.........   100%        6    #######
 Freezing Cloud           Conj/Ice/Air   ##........   100%        6    #######
 Simulacrum               Ice/Necr       #.........   100%        6    #######


Dungeon Overview and Level Annotations

Branches:
Dungeon (9/15)             Temple (1/1) D:7
   Lair: D:8-11         Orc: D:9-12

Altars:
Cheibriados
Dithmenos
Elyvilon
Fedhas
Gozag
Hepliaklqana
Kikubaaqudgha
Makhleb
Okawaru
Qazlal
Ru
Sif Muna
Xom
The Shining One


Innate Abilities, Weirdness & Mutations

You cannot wear most types of armour.
You are very stealthy in the water. (Stealth+)
You are amphibious.
You can wear up to eight rings at the same time.
You can use your tentacles to constrict eight enemies at once.
Your skin changes colour to match your surroundings (Stealth+).
Your rubbery body absorbs attacks. (AC +1, EV +1)


Message History

Casting: Poisonous Vapours (safe; 1% risk of failure)
Confirm with . or Enter, or press ? or * to list all spells.
Aiming: Poisonous Vapours (safe; 1% risk of failure)
Press: ? - help, Dir - move target cursor, f - yak
Aim: a yak Poisonous vapours surround the yak!
The yak is engulfed in poison gas.
The yak is poisoned.
The yak gores you!
* * * LOW HITPOINT WARNING * * *
The yak looks more healthy.
You see here a yak corpse.
The yak barely misses you.
Casting: Poisonous Vapours (safe; 1% risk of failure)
Confirm with . or Enter, or press ? or * to list all spells.
Aiming: Summon Lightning Spire (safe; 11% risk of failure)
Press: ? - help, Dir - move target cursor An electric hum fills the air.
The yak gores you!
* * * LOW HITPOINT WARNING * * *
The yak gores you!
You die...

#...............#
#.###.#####.###.# #.#
#.# #.# #.#
#.###.#####.###.#######
#.#...†...#....#......#
#.#.#[###.####..8####.#
#.#.#.# #......#..# #.#
##.#Y#.#######..Y..# #.#
...#Y#.##.......@#.###.#
####.#.##.####.#.......#
##.#.##.# #.#.#.##..#
#.......####.....##<.#
#..#...........#.##..#
###..#############.##..#
.....# #.##..#
..#.########## #.##..#
.............# #.#...#


You could see a yak and a friendly lightning spire.

Vanquished Creatures
  Joseph (D:8)
  A troll (D:7)
  A hornet (D:8)
  A hippogriff (D:7)
  Sigmund (D:4)
  3 yaks
  2 sky beasts
  An orc warrior (D:7)
  2 ogres
  A centaur (D:7)
  A crocodile (D:7)
  2 big kobolds (D:7)
  2 bullfrogs
  Blork the orc (D:5)
  A wyvern skeleton (D:6)
  A scorpion (D:8)
  A wight (D:6)
  The ghost of atomjack the Firebug, a weakling DsFE (D:3)
  A howler monkey (D:8)
  9 crimson imps
  6 orc priests
  5 hounds
  A jelly (D:7)
  A bullfrog skeleton (D:4)
  7 orc wizards
  An iguana (D:5)
  7 worker ants
  A hound skeleton (D:4)
  A hound zombie (D:5)
  3 worker ant zombies
  3 gnolls (D:2)
  7 adders
  2 shadow imps
  3 oozes
  4 adder skeletons
  7 worms
  2 dart slugs
  3 leopard geckos
  22 orcs
  A ball python (D:4)
  13 bats
  4 giant cockroaches
  9 goblins
  9 hobgoblins
  12 jackals
  4 quokkas
  7 frilled lizards
  A jackal skeleton (D:5)
  15 kobolds
  A leopard gecko skeleton (D:5)
  A quokka zombie (D:5)
  5 rats
202 creatures vanquished.

Vanquished Creatures (collateral kills)
  3 yaks
  A water moccasin (D:7)
  An orc warrior (D:7)
  An ogre (D:7)
  A phantom (D:8)
  4 wights (D:6)
  A quasit (D:9)
  A jelly (D:8)
  A centaur skeleton (D:7)
  A shadow imp (D:7)
  An orc (D:7)
16 creatures vanquished.

Vanquished Creatures (others)
  11 bushes (D:7)
11 creatures vanquished.

Grand Total: 229 creatures vanquished

Notes
Turn   | Place    | Note
-------+----------+-------------------------------------------
     0 | D:1      | Kagalorn the Octopode Venom Mage began the quest for the
                  | Orb.
     0 | D:1      | Reached XP level 1. HP: 11/11 MP: 3/3
    16 | D:1      | Reached skill level 4 in Poison Magic
    91 | D:1      | Reached XP level 2. HP: 17/17 MP: 1/5
   653 | D:1      | Reached XP level 3. HP: 15/21 MP: 4/6
   737 | D:1      | Reached skill level 5 in Poison Magic
  1056 | D:2      | Found a hazy altar of Hepliaklqana.
  1057 | D:2      | Found a shimmering altar of Xom.
  1057 | D:2      | Noticed a tentacled monstrosity
  1058 | D:2      | Noticed a spectral ugly thing
  1058 | D:2      | Noticed a tentacled monstrosity
  1279 | D:2      | Learned a level 2 spell: Poisonous Vapours
  1340 | D:2      | Found an ancient bone altar of Kikubaaqudgha.
  1473 | D:2      | Reached XP level 4. HP: 14/27 MP: 0/7
  1624 | D:2      | Reached skill level 6 in Poison Magic
  2005 | D:3      | Reached skill level 7 in Poison Magic
  2005 | D:3      | Reached XP level 5. HP: 31/31 MP: 1/8
  2091 | D:3      | Noticed atomjack's ghost (weakling DsFE)
  2537 | D:3      | Found a runed translucent door.
  2713 | D:4      | Reached XP level 6. HP: 34/36 MP: 3/9
  2781 | D:4      | Noticed Sigmund
  2812 | D:4      | Killed Sigmund
  2812 | D:4      | Reached skill level 8 in Poison Magic
  2933 | D:4      | Reached skill level 9 in Poison Magic
  2981 | D:4      | Reached XP level 7. HP: 41/41 MP: 0/10
  3095 | D:4      | Found a blossoming altar of Fedhas.
  3947 | D:5      | Entered Level 5 of the Dungeon
  4079 | D:4      | Reached skill level 10 in Poison Magic
  4150 | D:5      | Got a fine hand axe
  4620 | D:5      | Identified the cursed +1 hand axe "Cieboana" {pain, +Rage}
                  | (You found it on level 5 of the Dungeon)
  4870 | D:5      | Noticed Blork the orc
  4876 | D:5      | Killed Blork the orc
  5083 | D:6      | Reached XP level 8. HP: 31/46 MP: 3/11
  5178 | D:5      | Reached skill level 11 in Poison Magic
  5415 | D:6      | HP: 1/46 [wyvern skeleton (16)]
  5872 | D:6      | Reached skill level 1 in Fighting
  6322 | D:6      | Learned a level 4 spell: Summon Lightning Spire
  7019 | D:7      | Noticed a hippogriff
  7066 | D:7      | Killed a hippogriff
  7066 | D:7      | Reached skill level 1 in Air Magic
  7616 | D:7      | Found a large runed translucent door.
  7617 | D:7      | Found a large runed translucent door.
  7622 | D:7      | Noticed a yak
  7628 | D:7      | Found a large runed translucent door.
  7628 | D:7      | Found a large runed translucent door.
  7841 | D:7      | Reached XP level 9. HP: 18/54 MP: 6/13
  8247 | D:7      | Noticed a troll
  8818 | D:7      | Got a flickering platinum ring
  8819 | D:7      | Identified the ring of Ytunora {rPois Str+4 Int-3 SInv}
                  | (You found it on level 7 of the Dungeon)
  8867 | D:7      | Identified the Catalogue of the Frostbite and Augmentations
  9096 | D:7      | Reached skill level 5 in Summonings
  9537 | D:7      | Killed a troll
  9578 | D:7      | Found a shimmering blue altar of Sif Muna.
  9599 | D:7      | Identified Sif Muna's Compendium of Good Luck
 10109 | D:7      | Found a staircase to the Ecumenical Temple.
 10280 | Temple   | Entered the Ecumenical Temple
 10805 | D:6      | Reached skill level 5 in Air Magic
 10953 | D:3      | Killed atomjack's ghost
 11168 | D:8      | Reached XP level 10. HP: 52/60 MP: 4/14
 11200 | D:8      | Noticed Joseph
 11223 | D:8      | Killed Joseph
 11482 | D:8      | Reached skill level 5 in Stealth
 12334 | D:8      | Slain by a yak

Levels and vault maps discovered:
D:1:      minmay_arrival_pointy, layout_basic, minmay_misc_feat_chi,
          skrybe_limestone_x
D:2:      layout_rooms, regret_index_temple_of_mockery,
          nicolae_overflow_crystal_walls, minmay_joined_circles
D:3:      layout_loops_cross, gammafunk_ghost_grave
D:4:      layout_basic, fedhas_altar_2, first_ration, uniq_sigmund
D:5:      layout_loops_ring, uniq_blork_the_orc
D:6:      layout_cave_pods
D:7:      kennysheep_six_static_rooms, layout_loops_ring, led_sif_book,
          minmay_temple_entry_enclosed_plants, minmay_hollow_rounded_squares
D:8:      layout_loops_ring, uniq_joseph
D:9:      layout_long_grid, gammafunk_temple_overflow_wave, zin_scriptorium,
          nicolae_overflow_hidden_temple, fiery_altar_vehumet,
          minmay_lair_entry_lava, minmay_crystal_room
Temple:   compressed_dpeg_triangle_lava_temple

Skill      XL: |  1  2  3  4  5  6  7  8  9 10 |
---------------+-------------------------------+-----
Poison Magic   | 4 5 7 9 10 11 | 11.0
Stealth        | 4 5 |  5.7
Fighting       | 1 2 3 |  3.3
Summonings     | 4 7 8 |  8.0
Air Magic      | 2 5 |  5.0
Dodging        | 3 4 |  4.1
Spellcasting   | 3 |  3.7
Conjurations   | |  1.0

Action                   |  1- 3 |  4- 6 |  7- 9 | 10-12 || total
-------------------------+-------+-------+-------+-------++-------
Melee: Unarmed           |    55 |     8 |       |       ||    63
       Constrict         |    15 |    11 |    38 |     7 ||    71
       Tentacles         |     9 |     5 |    30 |     8 ||    52
       Dagger            |       |     5 |       |       ||     5
       Whip              |       |    25 |   193 |    32 ||   250
 Cast: Sting             |    58 |    28 |    26 |     4 ||   116
       Poisonous Vapours |     2 |    30 |   128 |    24 ||   184
       Summon Lightning  |       |       |    14 |     8 ||    22
  Use: Scroll            |       |     7 |     5 |     3 ||    15
 Stab: Sleeping          |     5 |     2 |     7 |     2 ||    16
  Eat: Chunk             |     2 |     7 |    23 |     1 ||    33
       Ration            |       |       |     4 |     2 ||     6
Armor: Skin              |       |     4 |     9 |     6 ||    19
Dodge: Dodged            |    37 |    26 |   174 |    50 ||   287
